cohdb
Replays
Latest Replays
All Replays
Popular Replays
Top Player Replays
Match Explorer
How It Works
Community
CoH3 Stats
Reddit
Sign in to upload your games and track your stats! →
Sign in with Steam
Match 41362645
Unlisted
Match 41362645
Overview
Messages
Build Orders
End
Construct Barracks
Selects Armored Battlegroup
Selects Assault Engineers
Assault Engineer Squad
Assault Engineer Squad
Riflemen Squad
M1 Mortar Team
Mechanized Support Center
Selects Fast Deploy
Sob3r
koos_ps
カルト_くん
Flekz127
0
0
Comments
sign in to comment!
No comments posted yet!